 Dungeon Crawl Stone Soup version 0.23.2-1-ga50397a (webtiles) character file.

Game seed: 13743700674081018071

19243 IBeShadow the Martial Artist (level 12, 0/104 HPs)
             Began as an Octopode Transmuter on May 23, 2019.
             Was an Initiate of Gozag.
             Slain by a bullfrog (4 damage)
             ... on level 3 of the Lair of Beasts.
             The game lasted 00:37:53 (20675 turns).

IBeShadow the Martial Artist (Octopode Transmuter) Turns: 20675, Time: 00:37:53

Health: 0/104      AC:  9    Str: 12    XL:     12   Next: 66%
Magic:  18/18      EV: 16    Int: 23    God:    Gozag
Gold:   1616       SH:  0    Dex: 13    Spells: 9/19 levels left

rFire    x x .     SeeInvis .     - Unarmed
rCold    + + +     Gourm    .   (shield currently unavailable)
rNeg     . . .     Faith    .   (helmet currently unavailable)
rPois    +         Spirit   .   H - amulet of magic regeneration
rElec    .         Reflect  .   q - +2 ring of strength
rCorr    .         Harm     .   A - ring of ice
MR       .....                  E - ring of flight (curse)
Stlth    ++++......             F - +3 ring of evasion
HPRegen  0.27/turn              G - +4 ring of intelligence
MPRegen  0.41/turn              (no ring)
                                (no ring)
                                (no ring)

@: lethally poisoned (0 -> 0), ice-form, gold aura
A: large, almost no armour, stealthy swim, amphibious, 8 rings, (constrict 8)
a: End Transformation, Potion Petition, Call Merchant, Bribe Branch, Renounce
Religion, Evoke Flight


You were on level 3 of the Lair of Beasts.
You worshipped Gozag.
Gozag was most pleased with you.
You were not hungry.
You were a creature of crystalline ice.
You visited 3 branches of the dungeon, and saw 14 of its levels.
You also visited: Sewer.

You collected 2241 gold pieces.
You spent 469 gold pieces at shops.
You paid 156 gold pieces to Gozag.

Inventory:

Hand Weapons
 L - a +2 triple crossbow of flaming
Missiles
 a - 258 arrows
 m - a throwing net (quivered)
Armour
 N - a +0 buckler
Jewellery
 q - a +2 ring of strength (left front paw)
 A - a ring of ice (right front paw)
 E - a cursed ring of flight (on tentacle)
 F - a +3 ring of evasion (on tentacle)
 G - a +4 ring of intelligence (on tentacle)
 H - an amulet of magic regeneration (around neck)
Wands
 l - a wand of random effects (19)
 o - a wand of disintegration (6)
 r - a wand of enslavement (5)
 s - a wand of polymorph (16)
 y - a wand of scattershot (7)
 D - a wand of acid (18)
 K - a wand of iceblast (16)
Scrolls
 d - 2 scrolls of enchant armour
 f - 6 scrolls of teleportation
 g - a scroll of fog
 h - 2 scrolls of amnesia
 i - 3 scrolls of identify
 p - 4 scrolls of magic mapping {unknown}
 t - 6 scrolls of remove curse
 v - 2 scrolls of fear
 w - 4 scrolls of noise {unknown}
 B - 3 scrolls of acquirement {unknown}
 M - 2 scrolls of silence {unknown}
Potions
 e - a potion of haste
 j - 4 potions of might
 k - 4 potions of flight
 n - 3 potions of mutation
 u - a potion of brilliance {unknown}
 x - 3 potions of curing
 z - a potion of ambrosia {unknown}
 C - a potion of resistance {unknown}
 I - a potion of lignification
 J - 2 potions of cancellation
Miscellaneous
 b - a box of beasts
Comestibles
 c - 14 rations


   Skills:
 + Level 10.2 Fighting
 + Level 7.0 Dodging
 - Level 9.1 Stealth
 * Level 11.5 Unarmed Combat
 - Level 4.2 Spellcasting
 * Level 9.9 Transmutations
 - Level 6.0 Ice Magic


You had 9 spell levels left.
You knew the following spells:

 Your Spells              Type           Power        Failure   Level  Hunger
a - Beastly Appendage     Tmut           ######       1%          1    None
b - Sticks to Snakes      Tmut           ######..     1%          2    #......
c - Spider Form           Tmut/Pois      ####......   4%          3    ##.....
d - Ice Form              Ice/Tmut       ######..     3%          4    ####...

Your spell library contained the following spells:

 Spells                   Type           Power        Failure   Level  Hunger
 Passwall                 Tmut/Erth      ####....     1%          2    #......
 Blade Hands              Tmut           ######....   4%          5    ######.
 Sandblast                Erth           #.....       11%         1    None
 Petrify                  Tmut/Erth      ####....     13%         4    ####...
 Poisonous Vapours        Pois/Air       #.....       16%         2    #......
 Conjure Flame            Conj/Fire      #.......     30%         3    ##.....
 Mephitic Cloud           Conj/Pois/Air  #.......     30%         3    ##.....
 Stone Arrow              Conj/Erth      #.....       30%         3    ##.....
 Bolt of Magma            Conj/Fire/Erth #.........   96%         5    ######.
 Iskenderun's Battlesphe  Conj/Chrm      #.......     96%         5    ######.
 Lee's Rapid Deconstruct  Erth           #.........   96%         5    ######.
 Venom Bolt               Conj/Pois      #.........   96%         5    ######.
 Freezing Cloud           Conj/Ice/Air   ###.......   100%        6    #######
 Iron Shot                Conj/Erth      #.........   100%        6    #######
 Orb of Destruction       Conj           #.........   100%        7    #######
 Ring of Flames           Chrm/Fire      #.........   100%        7    #######
 Spellforged Servitor     Conj/Summ      #.........   100%        7    #######


Dungeon Overview and Level Annotations

Branches:
Dungeon (10/15)            Temple (1/1) D:7            Lair (3/6) D:10
 Shoals (0/4) Lair:3        Snake (0/4) Lair:2
    Orc: D:9-12

Altars:
Ashenzari
Cheibriados
Dithmenos
Elyvilon
Fedhas
Gozag
Hepliaklqana
Kikubaaqudgha
Makhleb
Nemelex Xobeh
Okawaru
Qazlal
Ru
Sif Muna
Trog
Uskayaw
Vehumet
Wu Jian
Xom
Yredelemnul
Zin
The Shining One

Shops:
D:6 =   D:9 **:*


Innate Abilities, Weirdness & Mutations

You cannot wear most types of armour.
You are very stealthy in the water. (Stealth+)
You are amphibious.
You can wear up to eight rings at the same time.
((You can use your tentacles to constrict eight enemies at once.))
((Your skin changes colour to match your surroundings (Stealth+).))
((Your rubbery body absorbs attacks. (AC +1, EV +1)))


Message History

The yak gores your adder!
Your adder dies!
The yak bellows!
You feel sick. The yak gores your adder!
You feel sick.
Your adder barely misses the yak.
Your ball python barely misses the yak.
Your adder barely misses the yak.
Something misses your adder.
Your adder bites the yak but does no damage.
The yak looks more healthy.
Your adder bites the yak.
Your ball python bites the yak.
The yak dies!
Your ball python looks stronger.
The yak gores your ball python!!
Your ball python dies!
The bullfrog misses you.
You feel sick. Something gores your adder. The bullfrog hits you.
You die...
Your body crumbles into a pile of gold.

........#...........#..........#
........#...........#..........#
........P......P..P#...........#
......Y.$......................#
........#Y...#..#.#.P..........##
.P.....SP.................###...#
##PP.P...S...+.......P...## #....
.............#.F.....#...# #..##
.........#......Y....P...# ##..#.
..#.>####.#..#...........###P...#
##....# ###).#.......#....###...#
#...## #..#.....<.#....###...#
#...## #.....................P
#....# #..#..#.#.#..(........#
##..## #.....(..............##
#..######....................P#
##..#...##..###.####...........#


You could see a bullfrog and a friendly adder.

Vanquished Creatures
  2 hydras
  Erica (Lair:2)
  Sonja (Lair:1)
  Pikel (D:6)
  A black mamba (Lair:1)
  Joseph (D:7)
  A spiny frog (Lair:3)
  3 komodo dragons
  A troll (D:9)
  4 polar bears
  4 blink frogs (Lair:3)
  6 hippogriffs
  A spriggan (D:7)
  2 basilisks (Lair:2)
  14 yaks
  2 hungry ghosts (D:8)
  5 water moccasins
  A naga (Lair:2)
  Edmund (D:5)
  Menkaure (D:5)
  3 porcupines (Lair:1)
  3 sky beasts
  4 slaves (D:6)
  A black bear (D:9)
  2 ice beasts (D:8)
  A phantom (D:7)
  5 orc warriors
  A necrophage (D:7)
  3 ogres
  6 centaurs
  A wolf (D:8)
  2 crocodiles
  8 bullfrogs
  2 big kobolds
  2 scorpions
  11 killer bees
  An electric eel (D:8)
  5 howler monkeys
  5 crimson imps
  A wyvern simulacrum (D:8)
  A bullfrog zombie (D:9)
  5 hounds
  2 jellies
  8 orc priests
  2 bullfrog skeletons
  5 iguanas
  11 orc wizards
  Ijyb (D:4)
  Natasha (thrice) (D:4)
  2 merfolk sirens (Sewer)
  4 hell rats (Lair:2)
  5 worker ants
  A merfolk avatar (Sewer)
  A killer bee zombie (D:6)
  2 hound zombies (D:6)
  2 killer bee simulacra (D:8)
  A hound skeleton (D:4)
  A mummy (D:6)
  A howler monkey zombie (D:6)
  7 gnolls
  9 river rats
  14 adders
  2 white imps (D:8)
  A worker ant simulacrum (D:8)
  2 ufetubi (D:8)
  An ooze (D:3)
  An adder skeleton (D:6)
  A worm (D:3)
  3 dart slugs (D:1)
  8 leopard geckos
  44 orcs
  6 bats
  12 giant cockroaches
  7 hobgoblins
  20 kobolds
  4 quokkas
  8 ball pythons
  6 frilled lizards
  14 goblins
  2 leopard gecko skeletons
  A leopard gecko zombie (D:6)
  A quokka simulacrum (D:8)
  31 rats
  A plant (D:1)
384 creatures vanquished.

Vanquished Creatures (collateral kills)
  2 hydras
  A two-headed ogre (D:8)
  A komodo dragon (Lair:3)
  A blink frog (Lair:3)
  A yak (Lair:3)
  An ogre (D:8)
  2 centaurs (Lair:1)
  An orc priest (D:6)
  A gnoll (D:6)
  2 kobolds (D:8)
13 creatures vanquished.

Vanquished Creatures (others)
  An ooze (D:7)
  2 fungi
3 creatures vanquished.

Grand Total: 400 creatures vanquished

Notes
Turn   | Place    | Note
-------+----------+-------------------------------------------
     0 | D:1      | IBeShadow the Octopode Transmuter began the quest for the
                  | Orb.
     0 | D:1      | Reached XP level 1. HP: 13/13 MP: 3/3
     1 | D:1      | Noticed a formicid
     5 | D:1      | Noticed a troll
     8 | D:1      | Noticed an octopode
    10 | D:1      | Noticed a vampire
    12 | D:1      | Noticed a formicid
    14 | D:1      | Noticed a centaur
    16 | D:1      | Noticed a merfolk zombie
    16 | D:1      | Noticed a minotaur skeleton
    18 | D:1      | Noticed an octopode
   119 | D:1      | Reached XP level 2. HP: 14/18 MP: 5/5
   650 | D:1      | Reached XP level 3. HP: 24/24 MP: 6/6
   932 | D:2      | Reached skill level 4 in Unarmed Combat
  1258 | D:2      | Reached XP level 4. HP: 24/29 MP: 7/7
  1330 | D:2      | Learned a level 2 spell: Sticks to Snakes
  1374 | D:2      | Found a burning altar of Makhleb.
  1878 | D:3      | Found a glowing drain.
  1943 | Sewer    | Entered a sewer
  2115 | Sewer    | Reached XP level 5. HP: 20/36 MP: 8/8
  2304 | Sewer    | Reached skill level 5 in Unarmed Combat
  2430 | Sewer    | Noticed a malarious merfolk avatar
  2457 | Sewer    | Killed a malarious merfolk avatar
  2457 | Sewer    | Reached XP level 6. HP: 36/42 MP: 9/9
  2696 | Sewer    | Got a crystal flail
  3484 | D:3      | Reached skill level 6 in Unarmed Combat
  3898 | D:4      | Noticed Natasha
  3905 | D:4      | Killed Natasha
  4365 | D:4      | Reached XP level 7. HP: 5/48 MP: 10/10
  4385 | D:4      | Noticed Ijyb
  4655 | D:4      | Killed Ijyb
  4665 | D:4      | Reached skill level 9 in Unarmed Combat
  4665 | D:4      | Reached XP level 8. HP: 16/60 MP: 11/11
  4838 | D:4      | Noticed Natasha
  4845 | D:4      | Killed Natasha
  4919 | D:4      | Noticed Natasha
  4925 | D:4      | Killed Natasha
  5468 | D:5      | Entered Level 5 of the Dungeon
  5487 | D:4      | Learned a level 3 spell: Spider Form
  5720 | D:5      | Noticed Edmund
  5750 | D:5      | Killed Edmund
  6098 | D:5      | Noticed Menkaure
  6107 | D:5      | Killed Menkaure
  6107 | D:5      | Reached XP level 9. HP: 66/66 MP: 9/13
  6145 | D:5      | Learned a level 4 spell: Ice Form
  7044 | D:6      | Noticed Pikel
  7204 | D:6      | Killed Pikel
  7204 | D:6      | Reached skill level 1 in Ice Magic
  7363 | D:6      | Found Bomiatroori's Jewellery Shoppe.
  7704 | D:6      | Found a snail-covered altar of Cheibriados.
  8519 | D:7      | Noticed Joseph
  8973 | D:7      | Found a stormy altar of Qazlal.
  9255 | D:7      | Found a deep blue altar of Sif Muna.
  9255 | D:7      | Found a hazy altar of Hepliaklqana.
  9255 | D:7      | Found a glowing silver altar of Zin.
  9255 | D:7      | Found a sparkling altar of Nemelex Xobeh.
  9357 | D:7      | Reached XP level 10. HP: 41/72 MP: 11/15
  9779 | D:7      | Identified the +8 flail "Befegh" {antimagic, rF+ MR+
                  | Stlth+} (You found it in a sewer)
  9828 | D:7      | HP: 2/72 [Joseph/sling bullet (7)]
 10403 | D:7      | Killed Joseph
 10902 | D:7      | Found a staircase to the Ecumenical Temple.
 10913 | Temple   | Entered the Ecumenical Temple
 11007 | Temple   | Became a worshipper of Gozag Ym Sagoz the Greedy
 11379 | D:8      | Found a sacrificial altar of Ru.
 11493 | D:8      | Reached skill level 10 in Unarmed Combat
 11707 | D:8      | Found a white marble altar of Elyvilon.
 11709 | D:8      | Found a shadowy altar of Dithmenos.
 11784 | D:8      | Noticed a two-headed ogre
 12184 | D:8      | Reached XP level 11. HP: 59/78 MP: 17/17
 12414 | D:8      | Killed a two-headed ogre
 13233 | D:9      | Found Emegeggo's Assorted Antiques.
 13236 | D:9      | Bought a wooden ring for 145 gold pieces
 13439 | D:6      | Bought a +4 ring of intelligence for 324 gold pieces
 13479 | D:9      | Found Divis's Book Shoppe.
 13505 | D:9      | Found Eleru's General Store.
 13846 | D:9      | Found Meuvoubi's Assorted Antiques.
 14042 | D:9      | Found the +0 pair of fencer's gloves {Riposte Dex+3}
 14080 | D:9      | Reached skill level 5 in Dodging
 14275 | D:10     | Entered Level 10 of the Dungeon
 14367 | D:10     | Found a staircase to the Lair.
 15259 | Lair:1   | Entered Level 1 of the Lair of Beasts
 15701 | Lair:1   | Noticed Sonja
 15705 | Lair:1   | Killed Sonja
 15907 | Lair:1   | Reached skill level 5 in Ice Magic
 15937 | Lair:1   | Noticed a five-headed hydra
 15956 | Lair:1   | Killed a five-headed hydra
 16627 | Lair:1   | Noticed a five-headed hydra
 16911 | Lair:1   | Killed a five-headed hydra
 16911 | Lair:1   | Reached XP level 12. HP: 19/87 MP: 12/18
 17294 | Lair:1   | Found a glowing silver altar of Zin.
 18253 | Lair:2   | Noticed a six-headed hydra
 18462 | Lair:2   | Killed a six-headed hydra
 18462 | Lair:2   | Reached skill level 11 in Unarmed Combat
 18858 | Lair:2   | Found a staircase to the Snake Pit.
 18888 | Lair:2   | Noticed Erica
 19043 | Lair:2   | Killed Erica
 19043 | Lair:2   | Reached skill level 10 in Fighting
 19627 | Lair:3   | Noticed a five-headed hydra
 19830 | Lair:3   | Killed a five-headed hydra
 20106 | Lair:3   | Found a staircase to the Shoals.
 20663 | Lair:3   | HP: 5/104 [yak (7)]
 20670 | Lair:3   | HP: 4/104 [poisoned by a spiny frog]
 20675 | Lair:3   | Slain by a bullfrog

Skill      XL: |  1  2  3  4  5  6  7  8  9 10 11 12 |
---------------+-------------------------------------+-----
Fighting       | 2 3 4 7 8 9 10 | 10.2
Unarmed Combat | 4 5 6 9 10 11 | 11.5
Stealth        | 9 |  9.1
Transmutations | 6 7 8 9 |  9.9
Spellcasting   | 3 4 |  4.2
Ice Magic      | 1 3 5 6 |  6.0
Dodging        | 3 4 6 7 |  7.0

Action                   |  1- 3 |  4- 6 |  7- 9 | 10-12 || total
-------------------------+-------+-------+-------+-------++-------
Melee: Unarmed           |   112 |   207 |   251 |   608 ||  1178
       Tentacles         |    16 |    32 |    23 |    33 ||   104
       Constrict         |    20 |    46 |    39 |    29 ||   134
       Punch             |     3 |     6 |    12 |    18 ||    39
Throw: Throwing net      |       |     1 |       |       ||     1
 Cast: Spider Form       |       |       |    11 |     7 ||    18
       Sticks to Snakes  |       |       |    10 |    45 ||    55
       Beastly Appendage |       |       |     1 |       ||     1
       Ice Form          |       |       |       |    34 ||    34
Invok: Potion Petition   |       |       |       |     1 ||     1
Evoke: Wand              |       |       |       |     2 ||     2
  Use: Potion            |     1 |     2 |     4 |     2 ||     9
       Scroll            |       |     6 |     4 |     8 ||    18
 Stab: Sleeping          |     3 |    23 |    11 |    17 ||    54
       Distracted        |       |     1 |     2 |     5 ||     8
  Eat: Chunk             |     1 |     8 |    13 |     3 ||    25
       Ration            |       |       |     2 |    12 ||    14
Armor: Skin              |    22 |    46 |     7 |    91 ||   166
Dodge: Dodged            |    47 |    93 |   163 |   430 ||   733
